 Dungeon Sprint DCSS version 0.31-a0-37-g98a128e1d9 (webtiles) character file.

Game seed: 2554182455027301042

5664 sircluck the Brawler (level 10, 0/110 HPs)
             Began as a Troll Berserker on May 15, 2023.
             Was an Elder of Trog.
             Slain by a phantasmal warrior (6 damage)
             ... while paralysed by Maurice
             ... in the Dungeon (Sprint VII: "The Pits").
             The game lasted 00:03:02 (655 turns).

sircluck the Brawler (Troll Berserker)               Turns: 655, Time: 00:03:03

Health: 0/110      AC:  4    Str: 31    XL:     10   Next: 47%
Magic:  9/9        EV:  1    Int:  3    God:    Trog [****..]
Gold:   0          SH:  0    Dex:  9    Spells: 9/9 levels left

rFire   . .          .
                       - Unarmed
rCold   . . .        (no shield)
rNeg    . . .        a - +0 animal skin
rPois   .            (helmet restricted)
rElec   .            (no cloak)
rCorr   .            (gloves unavailable)
SInv    .            (boots unavailable)
Will    .....        (no amulet)
Stlth   ++           (no ring)
HPRegen 1.18/turn    (no ring)
MPRegen 0.11/turn

%: no teleportation
@: paralysed, weak-willed
A: large, unfitting armour, claws 3, regeneration 1, shaggy fur 1, tough skin 1
a: Renounce Religion, Berserk, Trog's Hand, Brothers in Arms


You were in the Dungeon.
You worshipped Trog.
Trog was greatly pleased with you.
You visited 1 branch

Inventory:

Armour
 a - a +0 animal skin (worn)
Jewellery
 g - a +3 ring of protection
 j - a +3 ring of evasion
Wands
 m - a wand of mindburst (6)
 n - a wand of light (2)
Scrolls
 i - a scroll of butterflies
Potions
 b - 6 potions of curing
 c - 7 potions of heal wounds
 d - 4 potions of haste
 e - 4 potions of magic
 f - 4 potions of berserk rage
 h - 2 potions of invisibility
 k - a potion of might
 l - a potion of resistance


   Skills:
 + Level 10.2 Fighting
 + Level 11.3 Dodging
 + Level 3.7 Stealth
 + Level 17.3 Unarmed Combat


You had 9 spell levels left.
You didn't know any spells.
Your spell library was empty.

Dungeon Overview and Level Annotations

Branches:
Dungeon (1/1)

Altars:
Ashenzari
Cheibriados
Dithmenos
Elyvilon
Fedhas
Gozag
Hepliaklqana
Kikubaaqudgha
Makhleb
Nemelex Xobeh
Okawaru
Qazlal
Ru
Sif Muna
Trog
Uskayaw
Vehumet
Wu Jian
Xom
Yredelemnul
Zin
The Shining One
Jiyva
Lugonu

Annotations:
D Maurice


Innate Abilities, Weirdness & Mutations

You are too large for most types of armour.
You have claws for hands.
Your natural rate of healing is unusually fast.
You are covered in fur. (AC +1)
You have tough skin. (AC +1)


Message History

Trog accepts your kill. The ufetubus misses you.
The ufetubus closely misses you.
Your Unarmed Combat skill increases to level 17!
You completely miss the ufetubus. The ufetubus closely misses you.
The ufetubus barely misses you.
You eviscerate the ufetubus!!!
You kill the ufetubus!
Trog accepts your kill.
No target in view!
No target in view!
No target in view!
No target in view!
No target in view!
You see here a sea snake corpse.
Maurice and a phantasmal warrior come into view.
Maurice is wielding a +0 dagger and carrying a wand of paralysis (11).
The phantasmal warrior gestures at you.
The phantasmal warrior blinks!
The phantasmal warrior misses you. The phantasmal warrior hits you.
Your willpower is stripped away!
Maurice shouts!
The phantasmal warrior gestures at you.
The phantasmal warrior blinks!
The phantasmal warrior hits you! Maurice misses you.
You mangle the phantasmal warrior!!
Your claw misses the phantasmal warrior.
The phantasmal warrior is heavily damaged.
The phantasmal warrior closely misses you.
Maurice zaps a wand.
You suddenly lose the ability to move!
The phantasmal warrior hits you!!
Maurice zaps a wand.
You resist with some effort. The phantasmal warrior hits you.
Maurice casts a spell.
Maurice blinks!
The phantasmal warrior hits you!!
* * * LOW HITPOINT WARNING * * *
The phantasmal warrior hits you!!
* * * LOW HITPOINT WARNING * * *
The phantasmal warrior hits you.
You die...

.......
#.)|)#.##..#
'######
#†#..'.##..#
'######
#.').#.##..#
......#
#.##'#.##..#
......#
#......##..#
......+
#########..#
......+
.##########..#
......#
.............#
......#
..@...W@.....#
'######
##############
'# .# .# .####
.#..###
.#....##
.'.....#


You could see Maurice and a phantasmal warrior.

Vanquished Creatures
  A soul eater (D)
  A sea snake (D)
  An elephant (D)
  An efreet (D)
  A merfolk (D)
  Menkaure (D)
  A black bear (D)
  An ogre (D)
  A gnoll sergeant (D)
  A wight (D)
  A quasit (D)
  2 jellies (D)
  A hell rat (D)
  A river rat (D)
  An ufetubus (D)
  A worm (D)
  3 orcs (D)
  A bat simulacrum (D)
  2 endoplasms (D)
  2 hobgoblins (D)
  4 jackals (D)
  A kobold (D)
  A frilled lizard (D)
31 creatures vanquished.

Vanquished Creatures (collateral kills)
  A fire giant (D)
  A deep elf high priest (D)
  A hydra (D)
  2 elephants (D)
  Blork the orc (D)
  A scorpion (D)
  2 wights (D)
  A gnoll (D)
  A white imp (D)
11 creatures vanquished.

Vanquished Creatures (others)
  A boulder beetle (D)
1 creature vanquished.

Grand Total: 43 creatures vanquished

Notes
Turn   | Place    | Note
-------+----------+-------------------------------------------
     0 | D        | sircluck the Troll Berserker began the quest for the Orb.
     0 | D        | Reached XP level 1. HP: 22/22 MP: 0/0
    21 | D        | Noticed an efreet
    21 | D        | Noticed an ogre
    21 | D        | Noticed a hell rat
    37 | D        | Killed a hell rat
    38 | D        | Reached skill level 4 in Unarmed Combat
    38 | D        | Reached XP level 2. HP: 14/31 MP: 1/1
    41 | D        | Killed an ogre
    42 | D        | Reached skill level 6 in Unarmed Combat
    42 | D        | Reached XP level 3. HP: 6/41 MP: 2/2
    42 | D        | Reached XP level 4. HP: 7/49 MP: 3/3
    45 | D        | Killed an efreet
    45 | D        | Reached ** piety under Trog
    46 | D        | Reached skill level 9 in Unarmed Combat
    46 | D        | Reached XP level 5. HP: 12/62 MP: 4/4
    46 | D        | Reached XP level 6. HP: 14/71 MP: 5/5
   118 | D        | Found a bloodstained altar of Trog.
   118 | D        | Found a shimmering blue altar of Sif Muna.
   118 | D        | Found a viscous altar of Jiyva.
   118 | D        | Found a hazy altar of Hepliaklqana.
   118 | D        | Found an opulent altar of Gozag.
   119 | D        | Found a glowing golden altar of the Shining One.
   119 | D        | Found a glowing silver altar of Zin.
   119 | D        | Found a basalt altar of Yredelemnul.
   119 | D        | Found a shimmering altar of Xom.
   119 | D        | Found an ornate altar of the Wu Jian Council.
   119 | D        | Found a sacrificial altar of Ru.
   119 | D        | Found a stormy altar of Qazlal.
   119 | D        | Found an iron altar of Okawaru.
   119 | D        | Found a sparkling altar of Nemelex Xobeh.
   119 | D        | Found a burning altar of Makhleb.
   119 | D        | Found a blossoming altar of Fedhas.
   119 | D        | Found a white marble altar of Elyvilon.
   119 | D        | Found a shadowy altar of Dithmenos.
   119 | D        | Found a snail-covered altar of Cheibriados.
   121 | D        | Found a radiant altar of Vehumet.
   121 | D        | Found a corrupted altar of Lugonu.
   155 | D        | Reached *** piety under Trog
   170 | D        | Reached **** piety under Trog
   222 | D        | Noticed Blork the orc
   228 | D        | Reached ***** piety under Trog
   238 | D        | Reached XP level 7. HP: 32/78 MP: 6/6
   240 | D        | Killed Blork the orc
   241 | D        | Reached skill level 10 in Unarmed Combat
   245 | D        | Reached skill level 1 in Stealth
   287 | D        | Reached skill level 11 in Unarmed Combat
   297 | D        | Noticed Menkaure
   297 | D        | Noticed a four-headed hydra
   297 | D        | Noticed a merfolk
   303 | D        | Killed a five-headed hydra
   303 | D        | Received a gift from Trog
   304 | D        | Reached XP level 8. HP: 70/89 MP: 7/7
   306 | D        | Killed a merfolk
   307 | D        | Reached skill level 12 in Unarmed Combat
   308 | D        | Killed Menkaure
   406 | D        | Found a hide-covered altar of Uskayaw.
   406 | D        | Found an ancient bone altar of Kikubaaqudgha.
   406 | D        | Found a broken altar of Ashenzari.
   480 | D        | Noticed an elephant
   480 | D        | Noticed an elephant
   480 | D        | Noticed a soul eater
   480 | D        | Noticed a deep elf high priest
   480 | D        | Noticed a fire giant
   480 | D        | Noticed a boulder beetle
   482 | D        | Noticed an elephant
   484 | D        | Killed a deep elf high priest
   485 | D        | Reached skill level 13 in Unarmed Combat
   485 | D        | Reached XP level 9. HP: 44/98 MP: 8/8
   487 | D        | Killed an elephant
   488 | D        | Reached skill level 14 in Unarmed Combat
   489 | D        | Killed an elephant
   490 | D        | Reached skill level 10 in Dodging
   495 | D        | Killed a fire giant
   496 | D        | Reached skill level 15 in Unarmed Combat
   511 | D        | Killed a soul eater
   512 | D        | Reached skill level 16 in Unarmed Combat
   512 | D        | Reached XP level 10. HP: 71/110 MP: 9/9
   514 | D        | Killed an elephant
   515 | D        | Reached skill level 10 in Fighting
   520 | D        | Killed a boulder beetle
   624 | D        | Noticed a sea snake
   633 | D        | Killed a sea snake
   634 | D        | Reached skill level 17 in Unarmed Combat
   643 | D        | Noticed Maurice
   643 | D        | Noticed a phantasmal warrior
   650 | D        | Paralysed by Maurice for 5 turns
   654 | D        | HP: 5/110 [phantasmal warrior (23)]
   655 | D        | Slain by a phantasmal warrior

Illustrated notes

Levels and vault maps discovered:
D:        pitsprint [storerooms_1, entrance_room_1, metal_vault_1, armoury_1,
          mini_pit_1, grid_room_1, main_hall_1, silver_pit, the_coven_3,
          the_vestibule_1, steel_vault_3, golden_pit, hallway_of_sentries,
          crystal_vault_2, iron_vault_3, final_vault]

Skill      XL: |  1  2  3  4  5  6  7  8  9 10 |
---------------+-------------------------------+-----
Fighting       | 3 4 7 8 9 10 | 10.2
Dodging        | 3 4 6 7 8 9 10 11 | 11.3
Unarmed Combat | 4 6 9 11 13 16 17 | 17.3
Stealth        | 1 2 3 |  3.7

Action                     |  1- 3 |  4- 6 |  7- 9 | 10-12 || total
---------------------------+-------+-------+-------+-------++-------
  Melee: Unarmed           |     6 |    32 |    23 |    17 ||    78
         Punch             |     1 |     2 |     1 |     2 ||     6
 Invoke: Berserk           |     1 |       |     2 |       ||     3
         Brothers in Arms  |       |     1 |     6 |       ||     7
    Use: Scroll            |       |     1 |       |       ||     1
         Potion            |       |     1 |       |       ||     1
   Stab: Sleeping          |       |     1 |       |       ||     1
 Armour: Animal skin       |       |     9 |     1 |     2 ||    12
  Dodge: Dodged            |     2 |    22 |     5 |    10 ||    39

Table legend: (Time is in decaauts)
 A = Elapsed time spent in this place.
 B = Non-inter-level travel time spent in this place.
 C = Inter-level travel time spent in this place.
 D = Time resting spent in this place.
 E = Time spent auto-exploring this place.
 F = Levels seen in this place.
 G = Mean time per level.
                   A        B        C        D        E       F      G
               +--------+--------+--------+--------+--------+-----+--------+
         Total |    664 |    634 |     30 |     59 |    240 |   1 |  664.0 |
       Dungeon |    664 |    634 |     30 |     59 |    240 |   1 |  664.0 |
               +--------+--------+--------+--------+--------+-----+--------+

Top non-repeatable levels by time:
       D: 664 daAuts
